 Dungeon Crawl Stone Soup version 0.20-a0-493-g19c8d8d (webtiles) character file.

50 AlphabetPasta the Grave Robber (level 3, -2/31 HPs)
             Began as a Naga Necromancer on Jan 16, 2017.
             Slain by a gnoll
             ... wielding a +0 halberd
              (14 damage)
             ... on level 2 of the Dungeon.
             The game lasted 00:08:31 (1316 turns).

AlphabetPasta the Grave Robber (Naga Necromancer)   Turns: 1316, Time: 00:08:31

Health: -2/31      AC:  3    Str: 10    XL:     3   Next: 79%
Magic:  1/6        EV: 10    Int: 16    God:
Gold:   85         SH:  0    Dex: 11    Spells: 2/7 levels left

rFire    . . .     SeeInvis +   g - +0 mace
rCold    . . .     Gourm    .   a - +1 robe
rNeg     . . .     Faith    .   (no shield)
rPois    +         Spirit   .   (no helmet)
rElec    .         Reflect  .   (no cloak)
rCorr    .         Harm     .   (no gloves)
MR       .....                  (no barding)
Stlth    ++........             (no amulet)
Regen    0.1/turn               (no ring)
                                (no ring)

@: very slow
A: see invisible, deformed body, poison resistance, slowness 2, slow metabolism
1, spit poison 1, AC +1
a: Spit Poison


You were on level 2 of the Dungeon.
You were not hungry.

You visited 1 branch of the dungeon, and saw 2 of its levels.

You collected 85 gold pieces.

Inventory:

Hand Weapons
 g - a +0 mace (weapon)
Armour
 a - a +1 robe (worn)
Jewellery
 n - an uncursed ring of protection from fire {unknown}
Scrolls
 m - a scroll of identify {unknown}
Potions
 e - a potion of magic {unknown}
 f - a potion of heal wounds {unknown}
 h - a potion of mutation {unknown}
 i - a potion of flight {unknown}
 k - a potion of berserk rage {unknown}
Books
 b - a book of Necromancy

   Spells                             Type                      Level
   a - Pain                           Necromancy                   1
   b - Animate Skeleton               Necromancy                   1
   c - Vampiric Draining              Necromancy                   3
   d - Regeneration                   Charms/Necromancy            3
   e - Animate Dead                   Necromancy                   4
   f - Control Undead                 Necromancy                   4
Comestibles
 c - a bread ration
 d - a beef jerky
 j - a meat ration
 l - 2 chunks of flesh


   Skills:
 - Level 1.2 Fighting
 + Level 0.1 Armour
 - Level 1.5 Dodging
 - Level 3.0 Stealth
 + Level 2.5 Spellcasting
 * Level 4.7 Necromancy


You had 2 spell levels left.
You knew the following spells:

 Your Spells              Type           Power        Failure   Level  Hunger
a - Pain                  Necr           ###.         3%          1    #......
b - Animate Skeleton      Necr           N/A          3%          1    #......
c - Vampiric Draining     Necr           ###.......   12%         3    ###....


Dungeon Overview and Level Annotations

Branches:
Dungeon (2/15)

Altars:


Innate Abilities, Weirdness & Mutations

You cannot wear boots.
Your serpentine skin is tough. (AC +1)
You have supernaturally acute eyesight. (SInv)
Armour fits poorly on your strangely shaped body.
Your system is resistant to poisons. (rPois)
You cover ground very slowly.
You have a slow metabolism.
You can spit poison.


Message History

Press: ? - help, Shift-Dir - straight line, f/p - gnoll
Aim: a gnoll, wielding a halberd (severely wounded, chance to defeat MR: 82%)
The gnoll barely resists.
You have got your breath back.
The gnoll hits you but does no damage.
Casting: Pain
Confirm with . or Enter, or press ? or * to list all spells.
Aiming: Pain
Press: ? - help, Shift-Dir - straight line, f/p - gnoll
Aim: a gnoll, wielding a halberd (severely wounded, chance to defeat MR: 82%)
The gnoll writhes in agony!
The gnoll hits you from afar with a halberd!
Casting: Pain
Confirm with . or Enter, or press ? or * to list all spells.
Aiming: Pain
Press: ? - help, Shift-Dir - straight line, f/p - gnoll
Aim: a gnoll, wielding a halberd (almost dead, chance to defeat MR: 82%)
The gnoll barely resists.
The gnoll hits you from afar with a halberd!
You die...

#.#####.......
###.##.......##.
#......##.##.##.
#.#....##.##....
###.#.......#####.
#......#.##.#####.
#.#.####.##.......
#.#.####.########.
#@#.<....######...
#.#######.....#...
#g##### #.....#..#
#...g.# #..>......
#####†# #.....#.##
#.# #.....# # #.#
####### . #g# ##
#.#


You could see a gnoll.

Vanquished Creatures
  A gnoll (D:2)
  A dart slug (D:1)
  A leopard gecko (D:1)
  7 bats
  5 giant cockroaches
  A goblin (D:1)
  2 hobgoblins (D:1)
  5 jackals (D:1)
  5 kobolds
  4 frilled lizards
  5 rats
37 creatures vanquished.

Notes
Turn   | Place    | Note
-------+----------+-------------------------------------------
     0 | D:1      | AlphabetPasta the Naga Necromancer began the quest for the Orb.
     0 | D:1      | Reached XP level 1. HP: 15/15 MP: 3/3
   157 | D:1      | Learned a level 1 spell: Animate Skeleton
   191 | D:1      | Reached XP level 2. HP: 18/24 MP: 3/5
   401 | D:1      | Reached skill level 1 in Fighting
   694 | D:1      | Reached XP level 3. HP: 31/31 MP: 6/6
   699 | D:1      | Learned a level 3 spell: Vampiric Draining
  1316 | D:2      | Slain by a gnoll

Vault maps used:
D:1:      dpeg_arrival_rhombi
D:2:      first_bread

Skill      XL: |  1  2 |
---------------+-------+-----
Fighting       | 1 |  1.2
Armour         | |  0.1
Dodging        | |  1.5
Stealth        | |  3.0
Spellcasting   | |  2.5
Necromancy     | |  4.7

Action                   || total
-------------------------++-------
Melee: Unarmed           ||     6
 Cast: Pain              ||    20
       Animate Skeleton  ||     2
 Abil: Spit Poison       ||    37
  Use: Scroll            ||     2
 Stab: Sleeping          ||     1
  Eat: Chunk             ||     3
Armor: Robe              ||     5
Dodge: Dodged            ||    14
